 Dungeon Crawl Stone Soup version 0.31.0-10-gcf4a605ca0 (webtiles) character file.

Game seed: 17471819935007928208

79 Gadfly the Changeling (level 4, -3/36 HPs)
             Began as a Draconian Shapeshifter on Jan 25, 2024.
             Slain by a gnoll
             ... wielding a +0 flail
              (10 damage)
             ... on level 2 of the Dungeon on Jan 26, 2024.
             The game lasted 00:02:20 (1100 turns).

Gadfly the Changeling (Draconian Shapeshifter)      Turns: 1100, Time: 00:02:21

Health: -3/36      AC:  5    Str: 16    XL:     4   Next: 16%
Magic:  4/4        EV: 12    Int: 10    God:
Gold:   88         SH:  0    Dex: 13    Spells: 3/3 levels left

rFire   . .          .
                       - Unarmed
rCold   . . .        (no shield)
rNeg    . . .        (body armour unavailable)
rPois   .            (helmet currently unavailable)
rElec   .            (cloak currently unavailable)
rCorr   .            (gloves currently unavailable)
SInv    .            (boots currently unavailable)
Will    .....        (no amulet)
Stlth   +            (no ring)
HPRegen 0.26/turn    (no ring)
MPRegen 0.09/turn

%: no passive effects
@: beast-form
A: beast (slay +2), AC +5, unfitting armour, cold-blooded
a: Begin Untransformation


You were on level 2 of the Dungeon.
You were a hulking beast.
You visited 1 branch of the dungeon, and saw 2 of its levels.

You collected 88 gold pieces.

Inventory:

Talismans
 b - a beast talisman
 c - a flux talisman
Scrolls
 j - a scroll of fog
Potions
 a - a potion of lignification
 d - a potion of attraction


   Skills:
 + Level 1.7 Fighting
 * Level 2.4 Dodging
 * Level 3.5 Unarmed Combat
 * Level 1.4 Evocations
 * Level 3.5 Shapeshifting


You had 3 spell levels left.
You didn't know any spells.
Your spell library was empty.

Dungeon Overview and Level Annotations

Branches:
Dungeon (2/15)

Altars:
Okawaru


Innate Abilities, Weirdness & Mutations

You are a hulking beast.
Your limbs bulge with bestial killing power. (Slay +2)
Your plain brown scales are hard. (AC +5)
You cannot fit into any form of body armour.
You are cold-blooded and may be slowed by cold attacks.


Message History

You completely miss the hobgoblin.
The hobgoblin is almost dead.
The hobgoblin barely misses you.
You barely miss the hobgoblin.
The hobgoblin is almost dead.
The bat closely misses you. The hobgoblin hits you. The bat hits you.
The gnoll shouts!
You hit the hobgoblin but do no damage. You tail-slap the hobgoblin.
You kill the hobgoblin!
The bat closely misses you. The gnoll hits you but does no damage.
The bat hits you but does no damage. The bat closely misses you.
The gnoll hits you from afar with a +0 spear!
You closely miss the bat.
The bat is moderately wounded.
The bat hits you but does no damage. The gnoll closely misses you.
The gnoll misses you. The bat barely misses you.
The gnoll barely misses you. x2
You hit the gnoll.
The gnoll is moderately wounded.
The bat hits you but does no damage. The gnoll hits you but does no damage.
The gnoll hits you from afar with a +0 spear.
The gnoll hits you but does no damage.
You punch the gnoll!
The gnoll is almost dead.
The bat closely misses you.
The gnoll hits you from afar with a +0 spear.
The gnoll hits you with a +0 spear. The bat closely misses you.
The gnoll hits you with a +0 flail.
A gnoll comes into view. It is wielding a +0 flail.
The gnoll hits you from afar with a +0 spear!
* * * LOW HITPOINT WARNING * * *
The bat hits you.
* * * LOW HITPOINT WARNING * * *
The bat hits you but does no damage. The gnoll attacks as it pursues you!
The gnoll barely misses you. The bat closely misses you.
The gnoll attacks as it pursues you! The gnoll barely misses you.
The bat barely misses you. The bat hits you but does no damage.
The gnoll attacks as it pursues you! The gnoll hits you with a +0 flail!
You die...

.†.)......+...................
.###.#..#.#....##...#........#
.#...#.##.†....##...##(..#...#
.#...#.........##...#..g...#
.###........#####...##....# .#
#...._...#####..g......+ ##
#.#.........#...g......# ##
#.#.....#..>..g.#......#
.###.......+....hb.#......#
.........###...##.##......#
#.####.#.#...####.........#
...........### ####......#
....##....# ####+###
....##.... ....# .> #####
.....


You could see 4 gnolls and a bat.

Vanquished Creatures
  5 adders (D:2)
  A dart slug (D:2)
  2 endoplasms
  A goblin (D:1)
  10 hobgoblins
  2 kobolds
  A ball python (D:1)
  3 bats
  5 frilled lizards
  3 rats
33 creatures vanquished.

Notes
Turn   | Place    | Note
-------+----------+-------------------------------------------
     0 | D:1      | Gadfly the Draconian Shapeshifter began the quest for the
                  | Orb.
     0 | D:1      | Reached XP level 1. HP: 16/16 MP: 1/1
   258 | D:1      | Reached XP level 2. HP: 23/23 MP: 2/2
   736 | D:2      | Reached XP level 3. HP: 12/28 MP: 3/3
   849 | D:2      | Reached skill level 1 in Evocations
  1005 | D:2      | Found an iron altar of Okawaru.
  1053 | D:2      | Reached XP level 4. HP: 34/36 MP: 4/4
  1100 | D:2      | Slain by a gnoll

Illustrated notes

Levels and vault maps discovered:
D:1:      roderic_octagonal_star, layout_basic
D:2:      layout_basic, basic_altar

Skill      XL: |  1  2  3 |
---------------+----------+-----
Dodging        | 2 |  2.4
Evocations     | 1 |  1.4
Fighting       | |  1.7
Unarmed Combat | |  3.5
Shapeshifting  | |  3.5

Action                     |  1- 3 |  4- 6 || total
---------------------------+-------+-------++-------
  Melee: Unarmed           |   103 |    15 ||   118
         Tailslap          |     8 |     3 ||    11
    Use: Scroll            |     7 |       ||     7
   Stab: Sleeping          |     1 |       ||     1
 Armour: Skin              |    51 |    24 ||    75
  Dodge: Dodged            |    60 |    25 ||    85
